 Dungeon Crawl Stone Soup version 0.26.0-7-g794d0892b4 (webtiles) character file.

Game seed: 13883244373691214444

9829 lessens the Fencer (level 11, -4/60 HPs)
             Began as a Tengu Abyssal Knight on Jan 11, 2021.
             Was a High Priest of Lugonu.
             Killed from afar by a fire crab (shapeshifter) (6 damage)
             ... with a blast of flame
             ... on level 10 of the Dungeon.
             The game lasted 00:22:52 (14724 turns).

lessens the Fencer (Tengu Abyssal Knight)          Turns: 14724, Time: 00:22:53

Health: -4/60      AC: 14    Str: 16    XL:     11   Next: 52%
Magic:  17/17      EV: 15    Int: 16    God:    Lugonu [*****.]
Gold:   597        SH:  7    Dex: 17    Spells: 10/10 levels left

rFire    . . .     SeeInvis .   F - +2 dagger (elec)
rCold    . . .     Faith    .   u - +0 kite shield
rNeg     + . .     Spirit   .   D - +4 scale mail of Liucvib {rN+ Int+4 Dex+3}
rPois    .         Reflect  .   l - +1 hat
rElec    .         Harm     .   x - +1 cloak
rCorr    .         Rampage  .   A - +0 pair of gloves
Will     .....                  (boots unavailable)
Stlth    ..........             (no amulet)
HPRegen  0.20/turn              (no ring)
MPRegen  0.15/turn              I - +4 ring of evasion

@: flying quickly and evasively, quick
A: beak, talons 3, able to fly
a: Stop Flying, Renounce Religion, Depart the Abyss, Bend Space, Banish,
Corrupt, Enter the Abyss


You were on level 10 of the Dungeon.
You worshipped Lugonu.
Lugonu was extremely pleased with you.
You visited 1 branch of the dungeon, and saw 10 of its levels.
You visited the Abyss 1 time.
You also visited: Sewer and Ossuary.

You collected 694 gold pieces.
You spent 97 gold pieces at shops.

Inventory:

Hand Weapons
 a - a +1 falchion
 F - a +2 dagger of electrocution (weapon)
 M - a +0 scimitar
Missiles
 f - 50 poisoned darts
 h - 233 stones
 n - 15 boomerangs (quivered)
 s - 2 silver boomerangs
 y - 6 curare-tipped darts
 G - a boomerang of dispersal
Armour
 b - a +0 leather armour
 l - a +1 hat (worn)
 u - a +0 kite shield (worn)
 x - a +1 cloak (worn)
 A - a +0 pair of gloves (worn)
 C - a +0 ring mail
 D - the +4 scale mail of Liucvib (worn) {rN+ Int+4 Dex+3}
   (You found it on level 6 of the Dungeon)

   It affects your intelligence (+4).
   It affects your dexterity (+3).
   It protects you from negative energy.
 E - a +1 ring mail of willpower
 O - +0 swamp dragon scales
Jewellery
 H - an uncursed ring of ice
 I - a +4 ring of evasion (right hand)
Wands
 z - a wand of iceblast (11)
 B - a wand of enslavement (3)
Scrolls
 m - 8 scrolls of remove curse
 o - 3 scrolls of enchant weapon
 p - 9 scrolls of teleportation
 r - 5 scrolls of blinking
 v - a scroll of enchant armour
 J - 2 scrolls of immolation {unknown}
 N - 3 scrolls of identify
 P - a scroll of magic mapping {unknown}
Potions
 c - a potion of magic
 d - a potion of haste {unknown}
 e - 4 potions of attraction {unknown}
 g - 7 potions of curing
 i - 8 potions of might
 j - 3 potions of brilliance
 k - 8 potions of heal wounds
 q - 2 potions of cancellation
 t - a potion of invisibility {unknown}
 w - a potion of flight {unknown}
 K - a potion of berserk rage {unknown}
 L - 2 potions of resistance {unknown}
 Q - a potion of lignification


   Skills:
 - Level 3.0 Fighting
 * Level 15.8 Long Blades
 - Level 2.1 Armour
 + Level 5.7 Dodging
 - Level 7.0 Invocations


You had 10 spell levels left.
You didn't know any spells.
Your spell library contained the following spells:

 Spells                   Type           Power        Failure   Level
 Animate Skeleton         Necr           0%           100%        1
 Foxfire                  Conj/Fire      0%           100%        1
 Magic Dart               Conj           0%           100%        1
 Pain                     Necr           0%           100%        1
 Searing Ray              Conj           0%           100%        2
 Conjure Flame            Conj/Fire      0%           100%        3
 Dazzling Flash           Conj/Hex       0%           100%        3
 Ignite Poison            Fire/Tmut/Pois 0%           100%        3
 Inner Flame              Hex/Fire       0%           100%        3
 Lesser Beckoning         Tloc           0%           100%        3
 Vampiric Draining        Necr           0%           100%        3
 Animate Dead             Necr           0%           100%        4
 Fulminant Prism          Conj/Hex       0%           100%        4
 Iskenderun's Mystic Bla  Conj/Tloc      0%           100%        4
 Sticky Flame             Conj/Fire      0%           100%        4
 Agony                    Necr           0%           100%        5
 Fireball                 Conj/Fire      0%           100%        5
 Starburst                Conj/Fire      0%           100%        6


Dungeon Overview and Level Annotations

Branches:
Dungeon (10/15)            Temple (0/1) D:4             Orc (0/2) D:10
  Sewer (visited)         Ossuary (visited)
   Lair: D:8-11

Altars:
Ashenzari
Fedhas
Gozag
Hepliaklqana
Kikubaaqudgha
Makhleb
Nemelex Xobeh
Ru
Sif Muna
Trog
Vehumet
Wu Jian
Xom
Zin

Shops:
D:7 ?


Innate Abilities, Weirdness & Mutations

You have a beak for a mouth.
You have claws for feet.
You can fly continuously.


Message History

You claw the fire crab, but do no damage.
You peck the fire crab, but do no damage.
You hit the fire crab.
Lightning courses through the fire crab!
You claw the fire crab, but do no damage.
The fire crab is lightly wounded.
The fire crab breathes flames at you.
The blast of flame engulfs you but does no damage.
Okay, then.
Blink to where?
Press: ? - help, Dir - move target
As you read the scroll of blinking, it crumbles to dust.
The fire crab breathes flames at you.
The blast of flame engulfs you but does no damage.
There is a stone staircase leading up here.
You are engulfed in blazing flames.
* * * LOW HITPOINT WARNING * * *
The fire crab breathes flames at you. The blast of flame engulfs you.
You die...

..##.......## #.##.###..........
..##.)....######.##.##...........
..##.....##....................#.
........##..####.##............#.
.......###..# #.#####.###.#####.
##''#### #..# #.#####.###.#####.
#..# #..# #.○○...........##. #.##
#..# #○○#.##.###..#.##. #.# #..#
#@○#.##.# #..#.##. #.# #..#
#○○#.##.###..#.##. #.#
#.○####°○...............
#.°°°°t..###.##.#..#.###
####°°...####...#..#.#
#..°°.8°.)..#####..#.#
##......)....## #..#..
##.............####..#..
#..8....>....8.......###.


You could see a fire crab.

Vanquished Creatures
  Fannar (D:10)
  Joseph (D:10)
  Maggie (D:9)
  A centaur skeleton (D:10)
  A tengu conjurer (D:10)
  A troll (D:9)
  6 yaks (D:9)
  A wyvern (D:8)
  4 vampire mosquitoes (D:9)
  Menkaure (D:6)
  2 orc warriors
  A sky beast (D:8)
  An eye of draining (D:8)
  A phantom (D:8)
  3 black bears
  A hornet zombie (D:9)
  5 ice beasts
  A necrophage (D:10)
  3 ogres
  3 centaurs
  An elf zombie (Ossuary)
  6 big kobolds
  3 bullfrogs
  6 killer bees
  4 wights (D:7)
  2 bullfrog zombies (D:8)
  4 hounds
  4 jellies
  A gnoll shaman (D:4)
  6 orc wizards
  7 orc priests
  3 iguanas
  11 worker ants
  Natasha (twice) (D:2)
  2 big kobold zombies (Ossuary)
  2 hound zombies
  4 mummies (Ossuary)
  A worker ant zombie (D:9)
  16 gnolls
  18 adders
  A shadow imp (D:8)
  4 white imps
  3 ufetubi
  5 oozes
  2 adder zombies
  3 worms
  2 dart slugs
  5 leopard geckos
  56 orcs
  4 ball pythons
  9 bats
  8 giant cockroaches
  9 goblins
  9 hobgoblins
  2 jackals (D:5)
  6 quokkas
  A ball python skeleton (D:5)
  6 frilled lizards
  2 hobgoblin zombies (Ossuary)
  24 kobolds
  3 orc zombies (Ossuary)
  A quokka zombie (D:6)
  9 rats
  3 rat zombies (Ossuary)
319 creatures vanquished.

Vanquished Creatures (collateral kills)
  2 killer bees (D:8)
2 creatures vanquished.

Vanquished Creatures (others)
  A killer bee (D:8)
  A fungus (Sewer)
  3 plants (Sewer)
5 creatures vanquished.

Grand Total: 326 creatures vanquished

Notes
Turn   | Place    | Note
-------+----------+-------------------------------------------
     0 | Abyss:1  | lessens the Tengu Abyssal Knight began the quest for the
                  | Orb.
     0 | Abyss:1  | Reached XP level 1. HP: 14/14 MP: 3/3
     1 | Abyss:1  | Found a corrupted altar of Lugonu.
    22 | D:1      | Escaped the Abyss
   522 | D:1      | Reached XP level 2. HP: 16/19 MP: 4/4
   685 | D:1      | Reached skill level 3 in Long Blades
  1239 | D:2      | Reached skill level 4 in Long Blades
  1239 | D:2      | Reached XP level 3. HP: 19/23 MP: 5/5
  1746 | D:2      | Found a blossoming altar of Fedhas.
  1813 | D:2      | Reached ** piety under Lugonu
  1990 | D:2      | Found a faded altar of an unknown god.
  2115 | D:2      | Reached XP level 4. HP: 22/28 MP: 6/6
  2425 | D:2      | Found a glowing silver altar of Zin.
  2438 | D:2      | Noticed Natasha
  2444 | D:2      | Killed Natasha
  2445 | D:2      | Reached skill level 5 in Long Blades
  2454 | D:2      | Noticed Natasha
  2459 | D:2      | Killed Natasha
  2782 | D:3      | Gained mutation: You can fly continuously. [Tengu growth]
  2782 | D:3      | Reached XP level 5. HP: 32/32 MP: 7/7
  2892 | D:3      | Reached skill level 6 in Long Blades
  3207 | D:3      | Found a sacrificial altar of Ru.
  3359 | D:3      | Reached XP level 6. HP: 21/37 MP: 8/8
  3818 | D:3      | Found a sparkling altar of Nemelex Xobeh.
  3859 | D:3      | Reached skill level 7 in Long Blades
  4073 | D:3      | Found an ornate altar of the Wu Jian Council.
  4078 | D:3      | Noticed a spectral centipede
  4078 | D:3      | Noticed a spectral black mamba
  4078 | D:3      | Noticed a spectral cane toad
  4424 | D:3      | Reached *** piety under Lugonu
  4762 | D:4      | Found a staircase to the Ecumenical Temple.
  4993 | D:4      | Reached skill level 8 in Long Blades
  5011 | D:4      | Reached XP level 7. HP: 13/41 MP: 9/9
  5130 | D:4      | HP: 1/41 [iguana (9)]
  5188 | D:4      | Found a glowing drain.
  5198 | Sewer    | Entered a sewer
  5704 | Sewer    | Reached skill level 9 in Long Blades
  5766 | Sewer    | Reached **** piety under Lugonu
  6497 | D:4      | Reached XP level 8. HP: 26/46 MP: 10/10
  6750 | D:4      | You are sucked into a shaft and drop 2 floors!
  6914 | D:6      | Found a sparkling altar of Nemelex Xobeh.
  6914 | D:6      | Found a bloodstained altar of Trog.
  6944 | D:5      | Entered Level 5 of the Dungeon
  7118 | D:5      | Reached skill level 10 in Long Blades
  7442 | D:5      | Identified Ovvubbe's Almanac of Displacement and the
                  | Volcanoes
  7977 | D:5      | Found a hazy altar of Hepliaklqana.
  8057 | D:5      | HP: 1/46 [acid (3)]
  8573 | D:6      | Noticed Menkaure
  8797 | D:6      | Noticed a seven-headed hydra
  8798 | D:6      | Banished a seven-headed hydra
  8799 | D:6      | Reached skill level 11 in Long Blades
  8799 | D:6      | Reached XP level 9. HP: 50/50 MP: 7/13
  8826 | D:6      | Got a smoking scale mail
  8858 | D:5      | Identified the +4 scale mail of Liucvib {rN+ Int+4 Dex+3}
                  | (You found it on level 6 of the Dungeon)
  9233 | D:6      | Reached skill level 12 in Long Blades
  9255 | D:6      | Reached skill level 5 in Invocations
  9374 | D:6      | Killed Menkaure
  9784 | D:7      | Found a shimmering altar of Xom.
 10139 | D:7      | Found Uklym's Magic Scroll Shoppe.
 10277 | D:7      | Bought a scroll of blinking for 97 gold pieces
 10861 | D:7      | Reached ***** piety under Lugonu
 10866 | D:7      | Reached skill level 13 in Long Blades
 11144 | D:7      | Found a radiant altar of Vehumet.
 11148 | D:7      | Found a broken altar of Ashenzari.
 11151 | D:7      | Found an ancient bone altar of Kikubaaqudgha.
 11338 | D:7      | Found a burning altar of Makhleb.
 11369 | D:8      | Reached XP level 10. HP: 56/56 MP: 15/15
 11434 | D:8      | Noticed a two-headed ogre
 11440 | D:8      | Banished a two-headed ogre
 11732 | D:8      | Found a sand-covered staircase.
 11740 | Ossuary  | Entered an ossuary
 12182 | D:8      | Reached skill level 14 in Long Blades
 13354 | D:9      | Reached XP level 11. HP: 48/60 MP: 17/17
 13367 | D:9      | Noticed Maggie
 13563 | D:9      | Reached skill level 15 in Long Blades
 13846 | D:9      | Found a shimmering blue altar of Sif Muna.
 14012 | D:9      | Killed Maggie
 14204 | D:9      | Found an opulent altar of Gozag.
 14256 | D:10     | Entered Level 10 of the Dungeon
 14288 | D:10     | Found a staircase to the Orcish Mines.
 14330 | D:10     | Noticed a fire crab
 14331 | D:10     | Noticed Joseph
 14351 | D:10     | Noticed a manticore
 14351 | D:10     | a fire crab changed into a manticore
 14354 | D:10     | Killed Joseph
 14355 | D:10     | Reached skill level 5 in Dodging
 14522 | D:10     | Noticed Fannar
 14556 | D:10     | Killed Fannar
 14705 | D:10     | Noticed a fire crab
 14724 | D:10     | HP: 1/60 [fire crab (shapeshifter)] (19)]
 14724 | D:10     | Killed from afar by a fire crab (shapeshifter)

Illustrated notes

Levels and vault maps discovered:
D:1:      nzn_arrival_water_spiral, layout_loops_corners
D:2:      layout_loops_ring, zin_scriptorium, fedhas_altar_1,
          chequers_ecumenical_altar_simple, corexii_hall_statues_t,
          kennysheep_small_spiral, uniq_natasha
D:3:      layout_basic, nicolae_ru_great_annihilating_truth,
          pdpol_wu_jian_five_deadly_venoms, minmay_misc_feat_five,
          nemelex_dance_club_becter
D:4:      layout_loops_cross, minmay_temple_entry_sparse_star,
          cheibrodos_sewer_entry_bend, minmay_unequal
D:5:      layout_basic, nzn_hepliaklqana_mist_gate, amcnicky_mini_pool_small,
          dk_noncrumbling_4
D:6:      layout_basic, chequers_temple_overflow_statue_of_worship,
          minmay_manual_mail, uniq_menkaure
D:7:      layout_cave_pools, marbit_many_paths,
          minmay_overflow_temple_star_quad, serial_shops, shop,
          kennysheep_big_empty_room, dk_xom_monty_hall
D:8:      layout_loops_ring, lightli_ossuary_entry_decrepit_ruins
D:9:      layout_rooms, general_overflow_altar, overflow_temple_1_default,
          uniq_maggie
D:10:     layout_loops_ring, lair_entry_dummy, david_orc_2,
          kennysheep_cross_room, grunt_ministairs_4, nicolae_lava_and_water,
          minmay_misc_feat_alley, minmay_shop_mayhem,
          minmay_mirror_moons_of_madness, uniq_joseph, uniq_snorg,
          uniq_josephine, uniq_fannar

Skill      XL: |  1  2  3  4  5  6  7  8  9 10 11 |
---------------+----------------------------------+-----
Long Blades    | 4 5 6 8 9 11 13 14 15 | 15.8
Invocations    | 2 4 5 7 |  7.0
Dodging        | 3 5 |  5.7
Fighting       | |  3.0
Armour         | |  2.1

Action                   |  1- 3 |  4- 6 |  7- 9 | 10-12 || total
-------------------------+-------+-------+-------+-------++-------
Melee: Falchion          |    79 |   164 |   321 |       ||   564
       Peck              |    12 |    27 |    86 |   105 ||   230
       Kick              |    14 |    53 |   153 |   154 ||   374
       Dagger            |       |       |   112 |   475 ||   587
Throw: Boomerang         |       |     3 |     4 |       ||     7
Invok: Banish            |       |       |     1 |     2 ||     3
 Abil: Fly               |       |     1 |       |       ||     1
Evoke: Wand              |       |       |       |     5 ||     5
  Use: Scroll            |     4 |       |     3 |     4 ||    11
       Potion            |       |     2 |     3 |       ||     5
 Stab: Paralysed         |       |     1 |       |       ||     1
       Sleeping          |       |     1 |       |       ||     1
Armor: Leather armour    |    23 |    23 |    16 |       ||    62
       Ring mail         |       |       |    34 |       ||    34
       Skin              |       |       |     9 |       ||     9
       Scale mail        |       |       |    66 |   135 ||   201
Dodge: Dodged            |    53 |    87 |   186 |   149 ||   475
Block: Kite shield       |       |       |    60 |   112 ||   172
       Rpst.: Falchion   |    14 |    26 |    51 |       ||    91
